 Dungeon Crawl Stone Soup version 0.32-a0-520-g344ed53f66 (console) character file.

Game seed: 10252814129604199054

121 Banquo the Magician (level 5, -2/40 HPs)
             Began as a Djinni Air Elementalist on Feb 27, 2024.
             Was an Initiate of Hepliaklqana.
             Killed from afar by Ijyb (11 damage)
             ... with a bolt of light
             ... on level 3 of the Dungeon.
             The game lasted 00:07:46 (1939 turns).

Banquo the Magician (Djinni Air Elementalist)       Turns: 1939, Time: 00:07:48

Health: -2/40      AC:  3    Str:  7    XL:     5   Next: 26%
Gold:   136        EV: 12    Int: 19    God:    Hepliaklqana [......] SH:  0 Dex: 13

rFire   + + .        c - +0 short sword
rCold   x . .        (no shield)
rNeg    . . .        a - +0 robe
rPois   ∞            (no helmet)
rElec   .            q - +0 cloak
rCorr   .            (no gloves)
SInv    .            (boots unavailable)
Will    +....        (no amulet)
Stlth   ++           k - ring of wizardry
HPRegen 0.26/turn    m - ring of willpower
MPRegen 0.00/turn

%: wizardry (x1), infuse magic (-3 HP)
@: flying
A: sickness immunity, fire resistance 2, cold vulnerability 1, float, innate
caster, HP casting, extra vitality 1
a: Renounce Religion


You were on level 3 of the Dungeon.
You worshipped Hepliaklqana.
Hepliaklqana was noncommittal.
You visited 1 branch of the dungeon, and saw 3 of its levels.

You collected 136 gold pieces.

Inventory:

Hand Weapons
 c - a +0 short sword (weapon)
Missiles
 b - 40 stones
Armour
 a - a +0 robe (worn)
 q - a +0 cloak (worn)
Jewellery
 j - a ring of magical power
 k - a ring of wizardry (left hand)
 m - a ring of willpower (right hand)
Scrolls
 d - 2 scrolls of identify {unknown}
 e - a scroll of noise {unknown}
 g - 3 scrolls of enchant armour {unknown}
 n - 3 scrolls of immolation {unknown}
 z - 2 scrolls of enchant weapon {unknown}
Potions
 f - a potion of curing {unknown}
 h - a potion of lignification {unknown}
 i - 2 potions of degeneration {unknown}
 l - 2 potions of brilliance {unknown}
 o - 2 potions of haste {unknown}
 p - a potion of ambrosia {unknown}
 r - a potion of might {unknown}


   Skills:
 * Level 2.9 Fighting
 - Level 2.1 Dodging
 - Level 1.5 Stealth
 * Level 4.1 Spellcasting
 * Level 4.1 Conjurations
 * Level 4.1 Hexes
 * Level 4.1 Summonings
 * Level 4.1 Necromancy
 * Level 4.1 Translocations
 * Level 4.1 Fire Magic
 * Level 4.1 Ice Magic
 * Level 4.1 Air Magic
 * Level 4.1 Earth Magic
 * Level 4.1 Alchemy


You knew the following spells:

 Your Spells              Type           Power      Damage    Failure   Level
a - Shock                 Conj/Air       76%        1d7       1%          1
b - Ensorcelled Hibernat  Hex/Ice        38%        N/A       1%          2
d - Static Discharge      Conj/Air       38%        3-5/arc   1%          2
e - Airstrike             Air            9%         2d(2-18)  11%         4
z - Foxfire               Conj/Fire      76%        2x1d7     1%          1
M - Swiftness             Air            19%        N/A       3%          3
Your spell library was empty.

Dungeon Overview and Level Annotations

Branches:
Dungeon (3/15)

Altars:
Hepliaklqana

Annotations:
D:3 Ijyb


Innate Abilities, Weirdness & Mutations

You are immune to sickness and miasma.
You are immune to poison.
Your flesh is very heat resistant. (rF++)
You are vulnerable to cold. (rC-)
You float through the air rather than walking.
You learn spells naturally, not from books.
Your magical power is your life essence.
You have superior vitality. (+4 MHP)


Message History

You conjure some foxfire!
The foxfire hits Ijyb but does no damage.
Ijyb is moderately wounded.
The foxfire hits Ijyb but does no damage.
Ijyb is moderately wounded.
Casting: Foxfire (safe; 1% risk of failure)
Confirm with . or Enter, or press ? or * to list all spells.
The spell is quite dangerous to miscast (11% risk of failure)!
Continue anyway? [Y]es or [N]o only, please.
The spell is quite dangerous to miscast (11% risk of failure)!
Continue anyway?
Aiming: Airstrike (quite dangerous; 11% risk of failure)
Press: ? - help, Dir - move target, f - Ijyb
Aim: Ijyb, wielding a +0 dagger, wearing a +0 ring mail and carrying a wand of light (moderately wounded, ally target, empty space bonus: 4/8)
The air twists around and strikes Ijyb.
Ijyb is heavily wounded.
The foxfire hits Ijyb.
Ijyb is heavily wounded.
The foxfire hits Ijyb but does no damage.
Ijyb is heavily wounded.
Casting: Airstrike (quite dangerous; 11% risk of failure)
Confirm with . or Enter, or press ? or * to list all spells.
You conjure some foxfire!
Ijyb zaps a wand.
The bolt of light is repelled.
The bolt of light hits your foxfire!
Casting: Foxfire (safe; 1% risk of failure)
Confirm with . or Enter, or press ? or * to list all spells.
The spell is quite dangerous to miscast (11% risk of failure)!
Continue anyway?
Aiming: Airstrike (quite dangerous; 11% risk of failure)
Press: ? - help, Dir - move target, f/p - Ijyb
Aim: Ijyb, wielding a +0 dagger, wearing a +0 ring mail and carrying a wand of light (heavily wounded, ally target, empty space bonus: 4/8)
The air twists around and strikes Ijyb.
Ijyb is severely wounded.
* * * LOW HITPOINT WARNING * * *
The foxfire hits Ijyb but does no damage.
Ijyb is severely wounded.
The foxfire hits Ijyb.
Ijyb is almost dead.
Ijyb zaps a wand.
The bolt of light hits you!
You die...
Ijyb moans, "Good help so hard to find!"
Hepliaklqana delivers you to your ancestors.

..........#.......#
##############....#
.v.vv.....# #§..#
.......#.#
.#...###g#### ....
#.....# ###########
#.§§..# ...##.....#
#.@§..# ##..#.#####
#.§...# ##..#.##
##.....# ##.....#
###......# ##.....#
###........#
.#.....###...##.....#
.#.........####.....#
.#.....##### #.....#
##.....# #######


You could see Ijyb.

Vanquished Creatures
  4 adders
  A dart slug (D:3)
  6 orcs
  5 ball pythons
  7 bats
  3 endoplasms
  5 giant cockroaches
  6 goblins
  5 hobgoblins
  3 jackals (D:2)
  8 kobolds
  6 quokkas
  5 frilled lizards
  6 rats
70 creatures vanquished.

Vanquished Creatures (others)
  95 foxfires
95 creatures vanquished.

Grand Total: 165 creatures vanquished

Notes
Turn   | Place    | Note
-------+----------+-------------------------------------------
     0 | D:1      | Banquo the Djinni Air Elementalist began the quest for the
                  | Orb.
     0 | D:1      | Banquo set off with the following spells memorised: Shock,
                  | Static Discharge, Swiftness, Airstrike.
     0 | D:1      | Reached XP level 1. HP: 15/15 MP: 0/0
   112 | D:1      | Reached XP level 2. HP: 21/22 MP: 0/0
   143 | D:1      | Reached skill level 1 in Fighting
   370 | D:1      | Reached XP level 3. HP: 22/27 MP: 0/0
   370 | D:1      | Learned a level 1 spell: Foxfire
   441 | D:1      | Found a faded altar of an unknown god.
   881 | D:2      | Reached XP level 4. HP: 29/33 MP: 0/0
  1625 | D:3      | Reached XP level 5. HP: 36/39 MP: 0/0
  1625 | D:3      | Learned a level 2 spell: Ensorcelled Hibernation
  1873 | D:3      | Found a hazy altar of Hepliaklqana.
  1880 | D:3      | Became a worshipper of Hepliaklqana the Forgotten
  1923 | D:3      | Noticed Ijyb
  1939 | D:3      | Killed from afar by Ijyb

Illustrated notes

Levels and vault maps discovered:
D:1:      giann_wishing_wells, layout_basic, basic_ecumenical_altar,
          minivault_19
D:2:      layout_rooms
D:3:      layout_rooms, lemuel_coloured_pillars_altar,
          nzn_hepliaklqana_mist_gate, minmay_surrounded, uniq_ijyb

Skill      XL: |  1  2  3  4 |
---------------+-------------+-----
Fighting       | 1 2 |  2.9
Spellcasting   | 4 |  4.1
Conjurations   | 4 |  4.1
Hexes          | 4 |  4.1
Summonings     | 4 |  4.1
Necromancy     | 4 |  4.1
Translocations | 4 |  4.1
Fire Magic     | 4 |  4.1
Ice Magic      | 4 |  4.1
Air Magic      | 4 |  4.1
Earth Magic    | 4 |  4.1
Alchemy        | 4 |  4.1
Dodging        | |  2.1
Stealth        | |  1.5

Action                     |  1- 3 |  4- 6 || total
---------------------------+-------+-------++-------
   Cast: Shock             |    67 |    37 ||   104
         Foxfire           |       |    56 ||    56
         Airstrike         |       |     2 ||     2
 Armour: Robe              |     6 |    12 ||    18
  Dodge: Dodged            |     6 |    13 ||    19
         Repelled          |       |     2 ||     2

Table legend: (Time is in decaauts)
 A = Elapsed time spent in this place.
 B = Non-inter-level travel time spent in this place.
 C = Inter-level travel time spent in this place.
 D = Time resting spent in this place.
 E = Time spent auto-exploring this place.
 F = Levels seen in this place.
 G = Mean time per level.
                   A        B        C        D        E       F      G
               +--------+--------+--------+--------+--------+-----+--------+
         Total |   1938 |   1746 |    192 |     62 |   1275 |   3 |  646.0 |
       Dungeon |   1938 |   1746 |    192 |     62 |   1275 |   3 |  646.0 |
               +--------+--------+--------+--------+--------+-----+--------+

Top non-repeatable levels by time:
     D:1: 807 daAuts
     D:2: 688 daAuts
     D:3: 442 daAuts
